 Dungeon Crawl Stone Soup version 0.13-a0-2531-g2ad9301 (webtiles) character file.

430 M4edhros the Sneak (level 6, -7/39 HPs)
             Began as an Octopode Artificer on July 26, 2013.
             Mangled by Duvessa
             ... wielding a +3,+2 elven sabre
              (21 damage)
             ... on Level 5 of the Dungeon.
             The game lasted 00:03:30 (2090 turns).

M4edhros the Sneak (Octopode Artificer)             Turns: 2090, Time: 00:03:30

HP  -7/39        AC  1     Str  9      XL: 6   Next: 65%
MP   9/9         EV 12     Int 17      God:
Gold 71          SH  0     Dex 12      Spells:  0 memorised,  5 levels left

Res.Fire  : . . .   See Invis. : +   p - +4,+1 dagger "Tickacesk" {flame, rElec Str Res.Cold : . . . Warding : . (no shield) Life Prot.: . . . Conserve : . (helmet restricted)
Res.Poison: .       Res.Corr.  : .   (no amulet)
Res.Elec. : +       Clarity    : .   s - ring of teleport control
Sust.Abil.: . .     Spirit.Shd : .   (no ring)
Res.Mut.  : .       Stasis     : .   (no ring)
Res.Rott. : .       Flight     : .   (no ring)
Saprovore : . . .                    (no ring)
                                     (no ring)
                                     (no ring)
                                     (no ring)

@: slightly resistant to hostile enchantments, very stealthy
A: almost no armour, amphibious, 8 rings, constrict 8, camouflage 1, AC +1
a: Evoke Teleport Control


You were on level 5 of the Dungeon.
You were hungry.

You visited 1 branch of the dungeon, and saw 5 of its levels.

You collected 51 gold pieces.

Inventory:

Hand weapons
 a - a +0,+0 short sword
 p - the +4,+1 dagger "Tickacesk" (weapon) {flame, rElec Str-1 SInv}
   (You found it on level 4 of the Dungeon)

   It emits flame when wielded, causing extra injury to most foes and up to
   double damage against particularly susceptible opponents.
   It affects your strength (-1).
   It insulates you from electricity.
   It enhances your eyesight.
Magical devices
 b - a wand of flame (9)
 c - a wand of enslavement (6)
 d - a wand of random effects (13)
 k - a wand of lightning (4) {unknown}
Comestibles
 f - a bread ration
Scrolls
 h - a scroll of fear {unknown}
 i - 2 scrolls of identify
 j - 6 scrolls of remove curse {unknown}
 m - a scroll of magic mapping {unknown}
 q - a scroll of blinking
 r - a scroll of curse jewellery {unknown}
Jewellery
 s - a ring of teleport control (left tentacle)
Potions
 e - a potion of curing {unknown}
 g - a potion of magic {unknown}
 l - a potion of speed {unknown}
 n - 2 potions of agility {unknown}
 o - 2 potions of restore abilities {unknown}


   Skills:
 - Level 1.0 Fighting
 + Level 3.7 Short Blades
 - Level 2.0 Dodging
 * Level 7.7 Stealth
 - Level 3.2 Evocations


You had 5 spell levels left.
You didn't know any spells.

Dungeon Overview and Level Annotations

Branches:
Dungeon (5/27)
 Temple: D:4-7

Altars:
Xom

Annotations
D:5 Duvessa


Innate Abilities, Weirdness & Mutations

You cannot wear most types of armour.
You are amphibious.
You can wear up to eight rings at the same time.
You can use your tentacles to constrict many enemies at once.
Your skin changes colour to match your surroundings (Stlth).
Your rubbery body absorbs attacks (AC +1).


Message History

Aim: Duvessa, wielding an elven sabre (moderately wounded, berserk, moving very quickly)
The puff of flame hits Duvessa.
Duvessa is heavily wounded.
This wand has 14 charges left.
Evoke which item? (* to show all) (? for menu, Esc to quit)
Zapping:
d - a wand of random effects (14)
Press: ? - help, Shift-Dir - straight line, f/p - Duvessa
Aim: Duvessa, wielding an elven sabre (heavily wounded, berserk, moving very quickly) Duvessa is blasted.
This wand has 13 charges left.
Duvessa hits you with an elven sabre! Duvessa closely misses you.
Drink which item? (? for menu, Esc to quit)
Okay, then.
Evoke which item? (* to show all) (? for menu, Esc to quit)
Zapping:
c - a wand of enslavement (7)
Press: ? - help, Shift-Dir - straight line, f/p - Duvessa
Aim: Duvessa, wielding an elven sabre (severely wounded, berserk, moving very quickly) Duvessa struggles to resist.
This wand has 6 charges left.
Duvessa hits you with an elven sabre!
Ouch! That really hurt!
You die...

#........# ##.#...#.#
#####.#[.^# #
...........#
#####.##.##.#
#.#.....#.#
#..........#
..##.#####.##########
..)....e@..>.......
..########.#######
#.# #.# #.# #.# #.#
#.# .


You could see Duvessa (berserk).

Vanquished Creatures
  2 orc priests (D:4)
  A giant frog skeleton (D:5)
  A hound (D:4)
  A scorpion (D:4)
  2 iguanas (D:4)
  3 worker ants
  2 adders
  2 worms (D:4)
  A giant eyeball (D:4)
  6 orcs (D:4)
  3 bats
  3 giant cockroaches
  A goblin (D:1)
  A hobgoblin (D:4)
  2 kobolds
  A quokka (D:4)
  A quokka skeleton (D:4)
  2 rats (D:4)
35 creatures vanquished.

Vanquished Creatures (collateral kills)
  Edmund (D:4)
  Dowan (D:5)
  An orc (D:4)
3 creatures vanquished.

Grand Total: 38 creatures vanquished

Notes
Turn   | Place    | Note
--------------------------------------------------------------
     0 | D:1      | M4edhros, the Octopode Artificer, began the quest for the Orb.
     0 | D:1      | Reached XP level 1. HP: 14/14 MP: 1/1
   159 | D:2      | Found a shimmering altar of Xom.
   221 | D:4      | Noticed a worker ant
   226 | D:4      | Killed a worker ant
   226 | D:4      | Reached XP level 2. HP: 14/19 MP: 3/3
   226 | D:4      | Reached XP level 3. HP: 17/24 MP: 4/4
   467 | D:4      | Reached skill level 4 in Stealth
   633 | D:4      | Noticed an orc priest
   638 | D:4      | Killed an orc priest
   638 | D:4      | Reached XP level 4. HP: 29/29 MP: 6/6
   639 | D:4      | Noticed an orc priest
   641 | D:4      | Reached skill level 5 in Stealth
   643 | D:4      | Noticed Edmund
   648 | D:4      | Noticed a scorpion
   649 | D:4      | an orc priest (ally) was killed
   674 | D:4      | a scorpion (ally) was killed
   684 | D:4      | Killed Edmund
   684 | D:4      | Reached skill level 6 in Stealth
   684 | D:4      | Reached XP level 5. HP: 9/34 MP: 7/7
   937 | D:4      | Noticed an iguana
   950 | D:4      | Got an encrusted dagger
   954 | D:4      | Identified the +4,+1 dagger "Tickacesk" {flame, rElec Str-1 SInv} (You found it on level 4 of the Dungeon)
   974 | D:4      | Killed an iguana
  1423 | D:4      | Reached skill level 7 in Stealth
  1423 | D:4      | Reached XP level 6. HP: 6/39 MP: 9/9
  1756 | D:4      | Noticed a hound
  1765 | D:4      | Killed a hound
  1889 | D:5      | Entered Level 5 of the Dungeon
  2060 | D:5      | Noticed Duvessa
  2060 | D:5      | Noticed Dowan
  2085 | D:5      | Killed Dowan
  2090 | D:5      | Mangled by Duvessa

Action                   |  1- 3 |  4- 6 || total
-------------------------+-------+-------++-------
Melee: Short sword       |    31 |     8 ||    39
       Dagger            |       |    55 ||    55
Evoke: Wand              |     3 |    14 ||    17
  Use: Scroll            |       |     4 ||     4
 Stab: Sleeping          |     2 |     7 ||     9
